 Dungeon Crawl Stone Soup version 0.26-a0-18-g135ff06667 (webtiles) character file.

Game seed: 3090490734558537451, levelgen mode: deterministic

135 Mrkan the Poker (level 5, -1/41 HPs)
             Began as a Merfolk Gladiator on May 25, 2020.
             Was an Initiate of Okawaru.
             Slain by an orc wizard
             ... wielding a +0 dagger
              (5 damage)
             ... on level 3 of the Dungeon.
             The game lasted 00:05:09 (2653 turns).

Mrkan the Poker (Merfolk Gladiator)                 Turns: 2653, Time: 00:05:09

Health: -1/41      AC:  4    Str: 16    XL:     5   Next: 18%
Magic:  5/5        EV: 14    Int:  7    God:    Okawaru [......]
Gold:   141        SH:  0    Dex: 15    Spells: 4/4 levels left

rFire    . . .     SeeInvis .   a - +0 trident
rCold    . . .     Gourm    .   (no shield)
rNeg     . . .     Faith    .   b - +0 leather armour
rPois    .         Spirit   .   c - +0 helmet
rElec    .         Reflect  .   (no cloak)
rCorr    .         Harm     .   (no gloves)
MR       .....                  (no boots)
Stlth    +.........             (no amulet)
HPRegen  0.13/turn              (no ring)
MPRegen  0.09/turn              (no ring)

@: slowed, very slow
A: change form in water, swift swim, stealthy swim
a: Renounce Religion


You were on level 3 of the Dungeon.
You worshipped Okawaru.
Okawaru was noncommittal.
You were not hungry.

You visited 1 branch of the dungeon, and saw 3 of its levels.

You collected 141 gold pieces.

Inventory:

Hand Weapons
 a - a +0 trident (weapon)
Missiles
 d - 3 throwing nets (quivered)
Armour
 b - a +0 leather armour (worn)
 c - a +0 helmet (worn)
 p - a +0 pair of gloves
 t - a +0 plate armour
Jewellery
 l - an uncursed ring of magical power {unknown}
 m - an uncursed ring of see invisible {unknown}
Scrolls
 e - a scroll of remove curse {unknown}
 g - 2 scrolls of amnesia {unknown}
 i - 3 scrolls of enchant weapon {unknown}
 j - 2 scrolls of identify {unknown}
 k - a scroll of noise {unknown}
 n - a scroll of teleportation {unknown}
 q - a scroll of fear {unknown}
 s - 2 scrolls of fog {unknown}
Potions
 h - a potion of flight {unknown}
 o - a potion of might {unknown}
 r - a potion of cancellation {unknown}
Comestibles
 f - 5 rations


   Skills:
 + Level 3.4 Fighting
 * Level 6.6 Polearms
 - Level 2.0 Throwing
 + Level 5.1 Dodging


You had 4 spell levels left.
You didn't know any spells.
Your spell library was empty.

Dungeon Overview and Level Annotations

Branches:
Dungeon (3/15)

Altars:
Okawaru


Message History

The orc is almost dead.
The orc wizard hits you with a +0 dagger.
* * * LOW HITPOINT WARNING * * *
The orc barely misses you. The orc closely misses you.
The orc wizard barely misses you.
You completely miss the orc.
The orc is almost dead.
The orc wizard barely misses you. The orc hits you with a +0 hand axe.
* * * LOW HITPOINT WARNING * * *
The orc closely misses you.
The orc wizard hits you but does no damage.
The orc misses you.
You hit the orc.
You kill the orc!
Okawaru accepts your kill. The orc wizard closely misses you.
The orc wizard barely misses you. The orc hits you with a +0 hand axe.
* * * LOW HITPOINT WARNING * * *
The orc wizard hits you with a +0 dagger.
You die...

.#...# .......
รท#...####
.%.....
##...#..#
.......
.#.....##
....... .#.....#
....... .#.....#
....... ##.##..#
##.......
####..#
####o.g..?..
#)..#
##..@o#####.#
####.#.#
####..####
.##..#.###....##
..#.##..##.####
....###....#
..#####...##
........#.#
........#..#
...####.....#


You could see an orc wizard (fast), an orc and a hobgoblin.

Vanquished Creatures
  A hound skeleton (D:2)
  4 adders (D:2)
  4 worms (D:2)
  2 dart slugs
  2 leopard geckos
  An orc (D:3)
  7 bats
  5 giant cockroaches
  11 goblins
  9 hobgoblins
  3 jackals (D:2)
  7 frilled lizards
  5 kobolds
  6 rats
67 creatures vanquished.

Notes
Turn   | Place    | Note
-------+----------+-------------------------------------------
     0 | D:1      | Mrkan the Merfolk Gladiator began the quest for the Orb.
     0 | D:1      | Reached XP level 1. HP: 16/16 MP: 1/1
    31 | D:1      | Reached XP level 2. HP: 9/23 MP: 2/2
   394 | D:1      | Reached skill level 5 in Polearms
   765 | D:1      | Reached XP level 3. HP: 25/28 MP: 3/3
  1144 | D:2      | Reached XP level 4. HP: 24/34 MP: 4/4
  1165 | D:2      | Reached skill level 6 in Polearms
  1888 | D:2      | Reached skill level 5 in Dodging
  2163 | D:2      | Reached XP level 5. HP: 41/41 MP: 5/5
  2583 | D:3      | Found an iron altar of Okawaru.
  2589 | D:3      | Became a worshipper of Warmaster Okawaru
  2653 | D:3      | Slain by an orc wizard

Illustrated notes

Levels and vault maps discovered:
D:1:      lemuel_arrival_room, layout_loops_ring, minmay_heptomino_d4
D:2:      minmay_recursive_quarters, layout_loops_ring
D:3:      layout_rooms, riverfiend_overflow_shadow_ancestor, marbit_many_paths,
          kennysheep_flooded_box, uniq_grinder

Skill      XL: |  1  2  3  4 |
---------------+-------------+-----
Polearms       | 5 6 |  6.6
Fighting       | 3 |  3.4
Dodging        | 5 |  5.1
Throwing       | |  2.0

Action                   |  1- 3 |  4- 6 || total
-------------------------+-------+-------++-------
Melee: Trident           |    85 |   127 ||   212
 Stab: Sleeping          |     2 |     1 ||     3
  Eat: Chunk             |       |     6 ||     6
Armor: Leather armour    |    26 |    33 ||    59
Dodge: Dodged            |    63 |   113 ||   176

Table legend:
 A = Non-vault XP
 B = Vault XP
 C = Vault XP percentage of total XP
 D = Non-vault monster count
 E = Vault monster count
 F = Vault count percentage of total count
                 A         B        C        D         E       F
            +---------+---------+-------+---------+---------+-------
      Total |     154 |      40 |  20.6 |      54 |      13 |  19.4
            +---------+---------+-------+---------+---------+-------
        D:1 |      33 |       4 |  10.8 |      18 |       2 |  10.0
        D:2 |     114 |      35 |  23.5 |      32 |      10 |  23.8
        D:3 |       7 |       1 |  12.5 |       4 |       1 |  20.0
            +---------+---------+-------+---------+---------+-------
